Cogmind - Beta 17 @@@ ROGUE MODE // 2026.07.15 @ 19:25:09 Player: 3.14 Result: Self-destructed Performance ------------- Evolutions (4) 2000 Regions Visited (13) 2600 Robots Destroyed (128) 640 Value Destroyed (7144) 7144 Prototype IDs (24) 480 Alien Tech Used (0) 0 Bonus (6278) 6278 TOTAL SCORE: 19142 Bonus ------- High Alert Combat Kills 422 Follower Combat Kills 1966 Entered Garrisons 800 Used RIF Installer 2000 Met Zhirov 300 Built Enhanced Grunts 300 Met R17 at Cetus 500 Friendly Fire -10 Cogmind --------- Core Integrity 541/850 Matter 231/300 Energy 150/150 System Corruption 10% Temperature Cool (0) Movement Treading (240) Ox1 Location -6/Garrison Parts ------- > --- POWER (2) -------- Light Angular Momentum Engine > --- PROPULSION (4) --- Light Treads Improved Medium Treads Improved Medium Treads > --- UTILITY (6) ------ Advanced Heat Sink Huge Storage Unit Improved Targeting Computer Centrium Medium Armor Plating Hardlight Generator > --- WEAPON (3) ------- Advanced KE Penetrator Heavy Linear Accelerator > --- INVENTORY (25) --- Reinforced Deuterium Engine Improved Medium Treads Centrium Heavy Treads Advanced Heat Sink Matter Compressor (250) IFF Parser Centrium Medium Armor Plating Centrium Medium Armor Plating Medium Reactive Plating Insulated Plating Relay Coupler [NC] (29) Relay Coupler [Sentry] (26) Relay Coupler [Proto] (9) Relay Coupler [Proto] (9) Relay Coupler [Proto] (9) High-powered Tractor Beam Magnetic Acceleration Cannon Heavy Linear Accelerator Heavy Linear Accelerator Advanced EMP Blaster Remote Datajack Peak State ------------ > --- POWER ------------ Light Fission Core Quantum Reactor > --- PROPULSION ------- Light Treads Light Treads Light Treads Improved Medium Treads > --- UTILITY ---------- Advanced Heat Sink Huge Storage Unit Improved Targeting Computer Core Analyzer Kinecellerator Centrium Medium Armor Plating > --- WEAPON ----------- Advanced KE Penetrator Heavy Linear Accelerator > --- INVENTORY -------- Light Treads Improved Medium Treads Centrium Heavy Treads Advanced Heat Sink Matter Compressor IFF Parser Centrium Medium Armor Plating Centrium Medium Armor Plating Medium Reactive Plating Reflective Plating Insulated Plating Insulated Plating Hardlight Generator Relay Coupler [NC] Relay Coupler [Sentry] Relay Coupler [Behemoth] Gauss Rifle Magnetic Acceleration Cannon Heavy Linear Accelerator Heavy Linear Accelerator Advanced EMP Blaster Remote Datajack [Rating: 84] Favorites ----------- Power Improved Deuterium Engine Engine Improved Deuterium Engine Power Core Nuclear Core Reactor Light Antimatter Reactor Propulsion Light Treads Treads Light Treads Leg Aluminum Leg Utility Core Analyzer Device Advanced Heat Sink Storage Huge Storage Unit Processor Core Analyzer Hackware Relay Coupler [Behemoth] Protection Hardened Heavy Armor Plating Weapon Heavy Linear Accelerator Energy Gun Beam Rifle Energy Cannon Cooled Particle Cannon Ballistic Gun Advanced KE Penetrator Ballistic Cannon Heavy Linear Accelerator Launcher Advanced EMP Blaster Special Weapon Mining Laser Build | -11 -10 -10 -8 -8 -7 -7 -6 -6 -6 -6 -6 -6 -6 ------- Run | Yrd Mat Sub Mat Gar Fac Gar Fac Gar Ext Cet Arc Hub Gar Slots Evolved 8 | . . . 4 . 2 . 2 . . . . . . Power 1 | . . . . . . . 1 . . . . . . Propulsion 2 | . . . 2 . . . . . . . . . . Utility 4 | . . . 2 . 1 . 1 . . . . . . Weapon 1 | . . . . . 1 . . . . . . . . Parts Attached 114 | 8 1 10 5 16 4 9 21 14 7 5 . 1 13 Power 14 | 1 . 1 . 2 . 1 2 3 1 2 . . 1 Engine 7 | 1 . 1 . 1 . . 1 2 . . . . 1 Core 4 | . . . . 1 . 1 1 . 1 . . . . Reactor 3 | . . . . . . . . 1 . 2 . . . Propulsion 29 | 2 . 1 2 4 . 4 2 2 5 . . . 7 Treads 27 | 2 . 1 . 4 . 4 2 2 5 . . . 7 Leg 2 | . . . 2 . . . . . . . . . . Wheel . | . . . . . . . . . . . . . . Hover . | . . . . . . . . . . . . . . Flight . | . . . . . . . . . . . . . . Utility 39 | 2 1 1 3 6 2 . 10 6 1 1 . 1 5 Device 15 | 1 . . 2 3 1 . 4 3 . . . . 1 Storage 3 | 1 1 . . . . . 1 . . . . . . Processor 7 | . . 1 1 1 1 . 1 2 . . . . . Hackware 3 | . . . . . . . 1 . . . . . 2 Protection 11 | . . . . 2 . . 3 1 1 1 . 1 2 Artifact . | . . . . . . . . . . . . . . Weapon 32 | 3 . 7 . 4 2 4 7 3 . 2 . . . Energy Gun 3 | 1 . . . 1 1 . . . . . . . . Energy Cannon 4 | . . . . 1 1 1 1 . . . . . . Ballistic Gun 15 | 2 . 6 . 2 . 1 2 1 . 1 . . . Ballistic Cannon 7 | . . . . . . 2 2 2 . 1 . . . Launcher 1 | . . . . . . . 1 . . . . . . Special Weapon 2 | . . 1 . . . . 1 . . . . . . Impact Weapon . | . . . . . . . . . . . . . . Slashing Weapon . | . . . . . . . . . . . . . . Piercing Weapon . | . . . . . . . . . . . . . . Special Melee Weapon . | . . . . . . . . . . . . . . Unidentified Prototypes 8 | . . . . . 2 . 4 . . 2 . . . Corrupted Parts 1 | . . . . . . . . . . . . . 1 System Corruption 2 | . . . . . . . . . . . . . 2 Parts Lost 22 | . . 3 . 7 . 5 . 3 . . 1 . 3 Power 3 | . . . . 2 . . . . . . . . 1 Propulsion 9 | . . 1 . 2 . 4 . 2 . . . . . Utility 7 | . . 1 . 2 . 1 . . . . 1 . 2 Weapon 3 | . . 1 . 1 . . . 1 . . . . . Highest Loss Streak 3 | . . 2 . 3 . 2 . 1 . . 1 . 2 To Critical Strikes . | . . . . . . . . . . . . . . Average Backups 19 | 3 7 13 13 13 14 12 20 23 21 21 22 21 21 Power . | . 1 1 1 . 1 1 . 1 . . . . . Propulsion 2 | 1 2 2 1 . 1 1 2 1 3 3 3 3 2 Utility 9 | . 1 2 1 2 4 4 10 15 10 12 13 12 13 Weapon 5 | 1 3 7 9 10 8 5 6 4 6 5 5 5 4 Tool/Special . | . . . . . . . . . . . . . . Unused Backups 40 | . . . . . . 5 5 5 1 3 . . 21 Power 1 | . . . . . . . . . . . . . 1 Propulsion 3 | . . . . . . . . . 1 1 . . 1 Utility 26 | . . . . . . 2 2 4 . 2 . . 16 Weapon 9 | . . . . . . 3 2 1 . . . . 3 Tool/Special 1 | . . . . . . . 1 . . . . . . Average Slot Usage (%) 91 | . 100 96 76 92 98 87 92 86 91 93 93 91 92 Engine 5 | . 14 14 9 6 . . 5 6 6 . . . 4 Core 3 | . . . . 3 7 7 6 1 . 6 6 6 5 Reactor 2 | . . . . . . . . 4 5 5 6 6 . Treads 26 | . 28 28 18 24 30 26 26 25 25 26 26 26 25 Device 11 | . 14 9 9 8 9 10 12 7 11 13 13 11 12 Storage 7 | . 14 14 9 8 7 7 6 6 6 6 6 6 6 Processor 11 | . . 1 13 10 11 15 13 11 13 13 13 13 12 Protection 4 | . . . . 5 7 1 5 6 6 6 6 6 5 Energy Cannon 1 | . . . . 2 5 6 2 . . . . . . Ballistic Gun 6 | . 28 26 18 7 13 1 3 6 2 5 6 6 5 Ballistic Cannon 5 | . . . . . . 5 6 5 10 6 6 6 6 Peak Build Rating 84 | 7 8 15 23 33 34 35 55 71 71 84 84 83 81 Average Rating 53 | 5 7 10 18 23 28 33 47 60 69 81 84 81 79 On Entrance 41 | . 7 8 15 23 22 34 33 53 71 69 84 80 79 Avg Prop Armor Cover (%) 8 | . . . . 8 . . . . . . . . . Naked Turns . | . . . . . . . . . . . . . . Heaviest Build 165 | 15 30 34 34 42 43 48 127 154 159 165 152 154 154 Greatest Support 100 | 40 40 40 40 80 80 80 90 90 90 90 90 90 100 Greatest Overweight (x) 9 | . . . . 9 . 2 1 1 1 1 1 1 1 Average Overweight (x) . | . . . . . . . . 1 1 1 1 1 1 Largest Inventory Capacity 25 | 8 15 15 15 15 15 15 25 25 25 25 25 25 25 Average Capacity 21 | 7 12 15 15 15 15 15 24 25 25 25 25 25 25 Most Carried 25 | 6 11 15 15 15 15 15 25 25 25 25 25 25 25 Average Carried 21 | 3 8 13 14 13 14 14 22 24 24 24 25 24 24 Final Capacity 25 | 8 15 15 15 15 15 15 25 25 25 25 25 25 25 Final Carried 25 | 6 11 15 14 15 15 15 24 25 25 25 25 25 24 Class Distribution -------------------- 43% | Scavenger-Gunner 24% | Scavenger-Skirmisher 10% | Mutant 7% | Bothacker-Gunner 6% | Commander-Gunner 4% | Scavenger-Mutant Dominant Class ---------------- Mutant | -10/Materials Mutant | -10/Subcaves Scavenger-Mutant | -8/Materials Scavenger-Mutant | -8/Garrison Scavenger-Skirmisher | -7/Factory Scavenger-Skirmisher | -7/Garrison Scavenger-Skirmisher | -6/Factory Scavenger-Gunner | -6/Garrison Scavenger-Gunner | -6/Extension Commander-Gunner | -6/Cetus Commander-Gunner | -6/Archives Scavenger-Gunner | -6/Hub_04(d) Scavenger-Gunner | -6/Garrison Resources | -11 -10 -10 -8 -8 -7 -7 -6 -6 -6 -6 -6 -6 -6 ----------- Run | Yrd Mat Sub Mat Gar Fac Gar Fac Gar Ext Cet Arc Hub Gar Matter Collected 5408 | 354 29 331 . 306 . 434 689 929 772 114 . 90 1360 Remotely . | . . . . . . . . . . . . . . Salvage Created 5087 | 126 42 303 . 489 . 491 840 821 779 77 . 234 885 Parts 252 | 17 7 19 . 29 . 27 39 35 22 3 . 13 41 Haulers Intercepted 2 | . . . . . . . 1 . 1 . . . . Recyclers Shooed 3 | . . . . . . . 3 . . . . . . Parts Field Recycled . | . . . . . . . . . . . . . . Retrieved Matter . | . . . . . . . . . . . . . . Parts Self-Destructed 5 | . . 5 . . . . . . . . . . . Prevented . | . . . . . . . . . . . . . . Parts Restored . | . . . . . . . . . . . . . . Kills | -11 -10 -10 -8 -8 -7 -7 -6 -6 -6 -6 -6 -6 -6 ------- Run | Yrd Mat Sub Mat Gar Fac Gar Fac Gar Ext Cet Arc Hub Gar Combat Hostiles Destroyed 107 | . 3 11 . 9 . 14 13 18 10 1 . 2 26 Guns 33 | . 3 11 . 7 . . . 4 . . . 1 7 Cannons 70 | . . . . 1 . 14 11 14 10 1 . 1 18 AOE 3 | . . . . . . . 2 . . . . . 1 Classes Destroyed 18 | 3 1 1 . 4 . 1 3 . 2 1 . 1 1 Worker 1 | 1 . . . . . . . . . . . . . Builder 1 | . . . . . . . 1 . . . . . . Tunneler 7 | 5 1 . . . . . 1 . . . . . . Hauler 2 | . . . . . . . 1 . 1 . . . . Recycler 7 | 1 . . . . . . 2 . 3 . . 1 . Mechanic 1 | . . . . . . . . . 1 . . . . Operator 1 | . . . . . . . . . . . . 1 . Watcher 1 | . . . . . . . . . . 1 . . . Swarmer 8 | . 3 3 . . . . . 2 . . . . . Cutter 4 | . . . . . . . . . . . . . 4 Grunt 53 | . . . . 2 . 7 6 15 5 . . 2 16 Brawler 3 | . . . . 1 . . . . . . . . 2 Sentry 16 | . . . . 4 . 4 1 1 3 . . . 3 Specialist 2 | . . . . 2 . . . . . . . . . Hunter 2 | . . . . . . . 2 . . . . . . Programmer 8 | . . . . . . 3 4 . . . . . 1 Behemoth 2 | . . . . . . . . . 2 . . . . Cetus Guard 1 | . . . . . . . . . . 1 . . . Subdweller 8 | . . 8 . . . . . . . . . . . Best Kill Streak 6 | 6 3 3 . 2 . 3 3 6 4 2 . 3 6 Combat Bots Only 6 | . 3 3 . 2 . 3 3 6 4 1 . 2 6 Max Kills in Single Turn 3 | 1 1 2 . 1 . 1 3 1 1 2 . 1 2 Gunslinging 1 | . . 1 . . . . . . . . . . . Exploded 1 | . . . . . . . 1 . . . . . 1 Melee . | . . . . . . . . . . . . . . Uniques/NPCs Destroyed . | . . . . . . . . . . . . . . Combat | -11 -10 -10 -8 -8 -7 -7 -6 -6 -6 -6 -6 -6 -6 -------- Run | Yrd Mat Sub Mat Gar Fac Gar Fac Gar Ext Cet Arc Hub Gar Hostile Shots Fired 733 | . 13 53 . 95 5 117 75 105 145 1 . 2 122 Missed 235 | . 4 17 . 21 . 42 24 36 51 . . . 40 Hits 498 | . 9 36 . 74 5 75 51 69 94 1 . 2 82 Melee 3 | . . . . . . . . . . . . . 3 Projectile 495 | . 9 36 . 74 5 75 51 69 94 1 . 2 79 AOE 6 | . . 3 . . . . . . . . . . 3 Critical Strikes 11 | . . . . 3 . 1 . . 1 2 . . 4 Damage Taken 7008 | . 74 728 . 1111 82 865 1002 1015 493 62 478 28 1070 Core 798 | . . 152 . 145 18 174 76 121 29 . 41 . 42 Absorbed by Shields 785 | . . . . 36 . . . 192 267 34 . 8 248 Ignored by Resistances 131 | . . . . . . . 6 . 27 8 . . 90 Regen/Repaired (Parts) 143 | . . . . . . . 18 . 125 . . . . Core Remaining (%) 71 | 100 . 39 . 73 . 72 . . . . . . . Volleys Fired 373 | 15 5 49 1 40 9 35 41 46 42 2 . 10 78 Largest 3 | 2 2 2 1 2 1 3 2 2 2 2 . 2 2 Hottest 140 | 40 40 100 30 86 30 128 140 80 110 110 . 105 105 Shots Fired 654 | 30 10 84 1 63 9 77 77 86 74 4 . 17 122 Gun 341 | 30 10 74 1 53 . 15 18 44 16 1 . 7 72 Cannon 294 | . . . . 10 9 62 56 42 58 3 . 10 44 Launcher 3 | . . . . . . . . . . . . . 3 Special 16 | . . 10 . . . . 3 . . . . . 3 Kinetic 533 | 30 10 74 1 29 . 35 57 86 74 4 . 17 116 Thermal 112 | . . 10 . 34 9 42 17 . . . . . . Explosive . | . . . . . . . . . . . . . . Electromagnetic 3 | . . . . . . . . . . . . . 3 Robot Hit Streak 23 | 3 5 9 . 13 . 18 6 9 14 5 . 6 23 Robot Miss Streak 6 | 4 1 2 . 2 . 6 3 3 3 1 . 2 4 Penetration Max 1 | . . . . . . 1 . 1 1 . . 1 1 Secondary Targets 1 | . . 1 . . . . . . . . . . . Max Gunslinging Chain 1 | . . 1 . . . . . . . . . . . Shots Hit Robots 388 | 12 6 56 . 46 . 49 43 51 55 3 . 8 59 Core Hits 187 | 6 3 17 . 14 . 27 21 30 22 2 . 8 37 Critical Kills 5 | . . 1 . 1 . . . . . . . 1 2 Critical Parts Destroyed 7 | . . . . . . . . 2 . . . . 5 Critical Strikes 31 | . . 1 . 4 . . 2 5 7 . . 1 11 Burn 3 | . . . . 3 . . . . . . . . . Meltdown 1 | . . . . 1 . . . . . . . . . Destroy 11 | . . 1 . . . . . 2 . . . 1 7 Blast 16 | . . . . . . . 2 3 7 . . . 4 Melee Attacks . | . . . . . . . . . . . . . . Impact . | . . . . . . . . . . . . . . Slashing . | . . . . . . . . . . . . . . Piercing . | . . . . . . . . . . . . . . Sneak Attacks . | . . . . . . . . . . . . . . Combat Hostiles . | . . . . . . . . . . . . . . Follow-up Attacks . | . . . . . . . . . . . . . . Damage Inflicted 16082 | 147 100 1027 . 1024 2 1907 2179 2143 3252 237 . 425 3639 Guns 4154 | 145 72 1023 . 621 . 153 161 611 216 29 . 187 936 Cannons 11219 | . . . . 400 . 1754 1437 1532 3024 208 . 238 2626 Explosions 531 | . . . . . . . 476 . . . . . 55 Melee . | . . . . . . . . . . . . . . Ramming 178 | 2 28 4 . 3 2 . 105 . 12 . . . 22 Kinetic 13723 | 145 72 1023 . 404 . 1175 1297 2143 3240 237 . 425 3562 Thermal 2126 | . . . . 617 . 732 777 . . . . . . Explosive 55 | . . . . . . . . . . . . . 55 Electromagnetic . | . . . . . . . . . . . . . . Impact . | . . . . . . . . . . . . . . Slashing . | . . . . . . . . . . . . . . Piercing . | . . . . . . . . . . . . . . Highest Corruption 10 | . . . . . . 5 . . . . . . 10 Average Corruption 3 | . . . . . . 4 . . . . . . 2 Corruption Purged . | . . . . . . . . . . . . . . Corruption Blocked . | . . . . . . . . . . . . . . Effects 27 | . . . . . . 23 . . . . . . 4 Message Errors 4 | . . . . . . 4 . . . . . . . Matter Fused 6 | . . . . . . 6 . . . . . . . Heat Flow Errors 2 | . . . . . . 2 . . . . . . . Energy Discharges 5 | . . . . . . 3 . . . . . . 2 Parts Rejected 1 | . . . . . . . . . . . . . 1 Parts Fused 2 | . . . . . . 2 . . . . . . . Data Loss (minor) 5 | . . . . . . 5 . . . . . . . Misfires 2 | . . . . . . 1 . . . . . . 1 Overload Shots . | . . . . . . . . . . . . . . Overflow Damage 802 | . . . . . . 86 197 35 387 . . 23 74 Projectiles 743 | . . . . . . 86 138 35 387 . . 23 74 Explosions 59 | . . . . . . . 59 . . . . . . Melee . | . . . . . . . . . . . . . . Knockbacks 41 | . . . . . . 3 8 9 6 . . 2 13 Impact 3 | . . . . . . . 2 . . . . . 1 Kinetic 35 | . . . . . . 3 6 9 5 . . 1 11 Secondary 3 | . . . . . . . . . 1 . . 1 1 Self-Inflicted Damage 216 | . . . . . . . 216 . . . . . . Shots 3 | . . . . . . . 3 . . . . . . Rammed 16 | 1 1 1 . 2 1 . 8 . 1 . . . 1 Targets Rammed 19 | 2 2 1 . 2 1 . 9 . 1 . . . 1 Kicked . | . . . . . . . . . . . . . . Crushed 3 | 1 1 . . . . . 1 . . . . . . Highest Temperature 358 | . . . . 78 3 243 286 210 358 6 . 8 20 Average Temperature 57 | . . . . 32 3 76 88 45 78 3 . 4 8 Received Heat Transfer 1826 | . . 72 . 438 45 135 144 421 148 4 . 14 405 Siege Activations . | . . . . . . . . . . . . . . Martial Activations . | . . . . . . . . . . . . . . Shielding Activations . | . . . . . . . . . . . . . . Robots Disrupted . | . . . . . . . . . . . . . . Combat Hostiles . | . . . . . . . . . . . . . . Robots Corrupted . | . . . . . . . . . . . . . . Combat Hostiles . | . . . . . . . . . . . . . . Parts Fried . | . . . . . . . . . . . . . . Impact Corruptions . | . . . . . . . . . . . . . . Robots Melted 1 | . . . . 1 . . . . . . . . . Combat Hostiles 1 | . . . . 1 . . . . . . . . . Parts Melted 6 | . . . . 5 . . 1 . . . . . . Heat Transferred 2351 | . . . . 777 . 904 670 . . . . . . Parts Sabotaged . | . . . . . . . . . . . . . . Parts Stolen . | . . . . . . . . . . . . . . Parts Stripped . | . . . . . . . . . . . . . . Power Chain Reactions . | . . . . . . . . . . . . . . Alert | -11 -10 -10 -8 -8 -7 -7 -6 -6 -6 -6 -6 -6 -6 ------- Run | Yrd Mat Sub Mat Gar Fac Gar Fac Gar Ext Cet Arc Hub Gar Maximum Alert Level 3 | . . . . . . 2 1 3 2 . 1 . 3 Low Security (%) 57 | 100 100 . 100 100 100 47 67 6 63 100 74 100 40 Level 1 19 | . . . . . . 29 32 15 23 . 26 . 19 Level 2 13 | . . . . . . 22 . 26 13 . . . 29 Level 3 8 | . . . . . . . . 50 . . . . 10 Level 4 . | . . . . . . . . . . . . . . Level 5 . | . . . . . . . . . . . . . . High Security . | . . . . . . . . . . . . . . Max Security . | . . . . . . . . . . . . . . Peak Influence 901 | 10 61 . 15 172 90 591 310 901 472 162 258 97 894 Initial 472 | . . . . . 90 . 310 157 472 81 4 45 34 Average 254 | 2 19 . 3 56 28 253 151 645 215 65 83 63 344 Influence Increases 4804 | 35 76 70 15 242 18 681 641 794 636 272 330 94 900 Destroy 0b10 Robot/C 2400 | . 60 60 . 180 . 360 260 460 330 120 150 30 390 Destroy 0b10 Robot/NC 126 | 35 5 . . . . . 30 . 40 8 . 8 . Destroy Leader 252 | . 10 10 . 10 . 20 94 30 46 . . . 32 Allied During Kill 454 | . . . . . . 16 . 8 148 128 150 . 4 Successful Hack 108 | . . . . . . 30 6 14 47 . . . 11 Disable Machine 225 | . . . 15 . 15 . 135 . 12 . 12 24 12 Anti-Garrison Action 777 | . . . . 50 . 200 . 225 . . . . 302 Destroy Structure 315 | . 1 . . 2 3 10 116 27 13 16 18 8 101 Lose Combat Pursuer 147 | . . . . . . 45 . 30 . . . 24 48 Influence Decreases 3920 | 35 76 70 15 70 190 90 1007 118 1391 407 211 175 65 Entered New Map 1032 | . . . . . 82 . 281 68 429 65 7 85 15 Time Decay 1935 | 35 76 70 15 . 108 . 622 . 612 273 34 90 . Lost Part 190 | . . . . 70 . 50 . 30 . . 10 . 30 Lost Ally 510 | . . . . . . 40 1 20 200 69 160 . 20 Purge Threat 253 | . . . . . . . 103 . 150 . . . . Squads Dispatched 12 | . . . . . 2 . 7 . 3 . . . . Investigation 2 | . . . . . . . . . 2 . . . . Extermination 5 | . . . . . . . 5 . . . . . . Reinforcement 5 | . . . . . 2 . 2 . 1 . . . . Assault . | . . . . . . . . . . . . . . Garrison . | . . . . . . . . . . . . . . Intercept . | . . . . . . . . . . . . . . Searches Triggered . | . . . . . . . . . . . . . . Construction Impeded 1 | . . . . . . . . . 1 . . . . Haulers Reinforced . | . . . . . . . . . . . . . . Active Scanning Responses . | . . . . . . . . . . . . . . Cargo Convoy Interrupts . | . . . . . . . . . . . . . . Alert ID Control Effect 4 | . . . . . . . . . . . . . 4 Stealth | -11 -10 -10 -8 -8 -7 -7 -6 -6 -6 -6 -6 -6 -6 --------- Run | Yrd Mat Sub Mat Gar Fac Gar Fac Gar Ext Cet Arc Hub Gar Distress Signals 3 | . . . . . . . 1 . . 2 . . . Communications Jammed . | . . . . . . . . . . . . . . Distress Signals . | . . . . . . . . . . . . . . Times Spotted 175 | . 5 12 . 9 5 20 21 24 27 8 . 4 40 Peak Tracking Total 8 | . 2 2 . 4 3 5 3 5 3 5 . 4 8 Tactical Retreats 8 | . . . . . . 1 . 2 . . . 1 4 Traps | -11 -10 -10 -8 -8 -7 -7 -6 -6 -6 -6 -6 -6 -6 ------- Run | Yrd Mat Sub Mat Gar Fac Gar Fac Gar Ext Cet Arc Hub Gar Traps Triggered 14 | . . . . . 1 2 . . 7 . . . 4 Indirectly . | . . . . . . . . . . . . . . Trap Hack Attempts . | . . . . . . . . . . . . . . Triggered . | . . . . . . . . . . . . . . Disarmed . | . . . . . . . . . . . . . . Reprogrammed . | . . . . . . . . . . . . . . Reused . | . . . . . . . . . . . . . . Traps Extracted . | . . . . . . . . . . . . . . Installed . | . . . . . . . . . . . . . . Triggered . | . . . . . . . . . . . . . . Machines | -11 -10 -10 -8 -8 -7 -7 -6 -6 -6 -6 -6 -6 -6 ---------- Run | Yrd Mat Sub Mat Gar Fac Gar Fac Gar Ext Cet Arc Hub Gar Machines Disabled 28 | . . 1 1 1 1 1 9 2 2 . 1 2 7 Max in Single Turn 3 | . . 1 1 1 1 1 3 1 1 . . 1 1 Garrison Relay 7 | . . . . 1 . 1 . 2 . . . . 3 Phase Generator 2 | . . . . . . 1 . . . . . . 1 Machines Repaired . | . . . . . . . . . . . . . . Machines Dismantled . | . . . . . . . . . . . . . . Machines Sabotaged . | . . . . . . . . . . . . . . Overloaded Fab Kills . | . . . . . . . . . . . . . . Hacking | -11 -10 -10 -8 -8 -7 -7 -6 -6 -6 -6 -6 -6 -6 --------- Run | Yrd Mat Sub Mat Gar Fac Gar Fac Gar Ext Cet Arc Hub Gar Machines Accessed 32 | . 1 1 1 . 2 2 5 2 15 . . 2 1 Terminals 25 | . 1 . . . 1 2 3 2 14 . . 1 1 Fabricators . | . . . . . . . . . . . . . . Repair Stations 2 | . . . . . . . 1 . 1 . . . . Recycling Units . | . . . . . . . . . . . . . . Scanalyzers . | . . . . . . . . . . . . . . Garrison Access 4 | . . . 1 . 1 . 1 . . . . 1 . Total Hacks 66 | . 5 1 1 . 3 3 9 4 35 . . 3 2 Successful 33 | . 2 1 1 . 2 2 5 2 16 . . 1 1 Failed 33 | . 3 . . . 1 1 4 2 19 . . 2 1 Catastrophic 5 | . 1 . . . . 1 . 1 1 . . . 1 Database Lockouts . | . . . . . . . . . . . . . . Manual 25 | . 2 . . . 2 . 2 . 16 1 . 2 . Terminals 56 | . 5 . . . 2 3 5 4 33 . . 2 2 Fabricators . | . . . . . . . . . . . . . . Repair Stations 5 | . . . . . . . 3 . 2 . . . . Recycling Units . | . . . . . . . . . . . . . . Scanalyzers . | . . . . . . . . . . . . . . Garrison Access 4 | . . . 1 . 1 . 1 . . . . 1 . Terminal Hacks 14 | . 1 1 . . . 2 1 2 6 . . . 1 Prototype ID Bank 1 | . 1 . . . . . . . . . . . . Open Door 5 | . . . . . . . . . 5 . . . . Emergency Access Points 3 | . . . . . . 1 . 1 . . . . 1 Unreport Threat 2 | . . . . . . . 1 . 1 . . . . Garrison Registry 1 | . . . . . . . . 1 . . . . . Security Stations 1 | . . . . . . 1 . . . . . . . Proto ID Catalog 1 | . . 1 . . . . . . . . . . . Fabricator Hacks . | . . . . . . . . . . . . . . Repair Station Hacks 4 | . . . . . . . 2 . 2 . . . . Scan Component 2 | . . . . . . . 1 . 1 . . . . Repair 2 | . . . . . . . 1 . 1 . . . . Recycling Unit Hacks . | . . . . . . . . . . . . . . Scanalyzer . | . . . . . . . . . . . . . . Garrison Access Hacks 4 | . . . 1 . 1 . 1 . . . . 1 . Unlock Access 4 | . . . 1 . 1 . 1 . . . . 1 . Unauthorized Hacks 11 | . 1 . . . 1 . 1 . 8 . . . . Terminals 11 | . 1 . . . 1 . 1 . 8 . . . . Assimilate 2 | . . . . . 1 . 1 . . . . . . Botnet 2 | . . . . . . . . . 2 . . . . Operators 1 | . . . . . . . . . 1 . . . . Skim 6 | . 1 . . . . . . . 5 . . . . Fabricators . | . . . . . . . . . . . . . . Repair Stations . | . . . . . . . . . . . . . . Recycling Units . | . . . . . . . . . . . . . . Scanalyzers . | . . . . . . . . . . . . . . Garrison Access . | . . . . . . . . . . . . . . Data Cores Recovered 2 | . . . . . . . . . 1 . . 1 . Used . | . . . . . . . . . . . . . . Hacking Detections 23 | . 1 . . . 1 1 5 2 10 . . 2 1 Full Trace Events 4 | . . . . . . 1 . 1 2 . . . . Feedback Events . | . . . . . . . . . . . . . . Feedback Blocked . | . . . . . . . . . . . . . . Robot Schematics Acquired . | . . . . . . . . . . . . . . Robots Built . | . . . . . . . . . . . . . . Authchips . | . . . . . . . . . . . . . . Time . | . . . . . . . . . . . . . . Total Robot Build Rating . | . . . . . . . . . . . . . . Part Schematics Acquired . | . . . . . . . . . . . . . . Parts Built . | . . . . . . . . . . . . . . Authchips . | . . . . . . . . . . . . . . Time . | . . . . . . . . . . . . . . Total Part Build Rating . | . . . . . . . . . . . . . . Part Studies Acquired . | . . . . . . . . . . . . . . Parts Repaired 2 | . . . . . . . 1 . 1 . . . . Time 51 | . . . . . . . 38 . 13 . . . . Parts Recycled . | . . . . . . . . . . . . . . Recycled Matter . | . . . . . . . . . . . . . . Retrieved Matter . | . . . . . . . . . . . . . . Retrieved Components . | . . . . . . . . . . . . . . Parts Scanalyzed . | . . . . . . . . . . . . . . Part Schematics Acquired . | . . . . . . . . . . . . . . Parts Damaged . | . . . . . . . . . . . . . . Bothacking | -11 -10 -10 -8 -8 -7 -7 -6 -6 -6 -6 -6 -6 -6 ------------ Run | Yrd Mat Sub Mat Gar Fac Gar Fac Gar Ext Cet Arc Hub Gar Used RIF Installer 4 | . . . . 1 . 1 . 1 . . . . 1 Threat Obfuscator 1 | . . . . . . . . 1 . . . . . Watcher Feeds 1 | . . . . . . . . . . . . . 1 Alert ID Control 1 | . . . . . . 1 . . . . . . . Robots Hacked 2 | . . . . . . . 1 . . . . . 1 Non-combat . | . . . . . . . . . . . . . . Combat 2 | . . . . . . . 1 . . . . . 1 Robot Hacks Applied 3 | . . . . . . . 2 . . . . . 1 find_garrison 1 | . . . . . . . 1 . . . . . . formatsys_high 2 | . . . . . . . 1 . . . . . 1 Relay Couplers Released 26 | . . . . 5 . 3 . 7 . . . . 11 Machine Destruction 26 | . . . . 5 . 3 . 7 . . . . 11 Attached 3 | . . . . . . . 1 . . . . . 2 Fabnet Peak Effective % . | . . . . . . . . . . . . . . Robots Rewired 17 | . . . . . . 3 . . 14 . . . . Allies Hacked 1 | . . . . . . 1 . . . . . . . Hacks Repelled . | . . . . . . . . . . . . . . Allies | -11 -10 -10 -8 -8 -7 -7 -6 -6 -6 -6 -6 -6 -6 -------- Run | Yrd Mat Sub Mat Gar Fac Gar Fac Gar Ext Cet Arc Hub Gar Total Allies 34 | . . . . . . 3 2 . 23 5 . . 1 Largest Group 17 | . . . . . . 3 2 1 13 17 13 . 1 Highest-Rated Group 974 | . . . . . . 98 44 32 551 974 732 . 85 Highest-Rated Ally 159 | . . . . . . 39 34 32 159 150 96 . 85 Total Orders . | . . . . . . . . . . . . . . Ally Attacks 315 | . . . . . . 23 10 17 124 79 51 . 11 Total Damage 8191 | . . . . . . 341 133 630 2758 2059 1693 . 577 Kills 51 | . . . . . . 4 1 5 17 8 12 . 4 Allies Corrupted . | . . . . . . . . . . . . . . Allies Melted 1 | . . . . . . . . . 1 . . . . Intel | -11 -10 -10 -8 -8 -7 -7 -6 -6 -6 -6 -6 -6 -6 ------- Run | Yrd Mat Sub Mat Gar Fac Gar Fac Gar Ext Cet Arc Hub Gar Active Infowar (turns) 4190 | 82 203 591 99 12 300 899 1987 17 . . . . . Sensors 3145 | . . . 51 12 179 899 1987 17 . . . . . Seismic 1045 | 82 203 591 48 . 121 . . . . . . . . Robot Analysis Total . | . . . . . . . . . . . . . . Derelict Logs Recovered 1 | . . 1 . . . . . . . . . . . Drone Launches . | . . . . . . . . . . . . . . Drone Recoveries . | . . . . . . . . . . . . . . Exploration | -11 -10 -10 -8 -8 -7 -7 -6 -6 -6 -6 -6 -6 -6 ------------- Run | Yrd Mat Sub Mat Gar Fac Gar Fac Gar Ext Cet Arc Hub Gar Turns Passed 12670 | 168 203 907 100 601 346 1339 2431 1623 2000 651 100 199 2002 Spaces Moved 4875 | 68 111 449 56 228 192 665 920 592 705 163 38 68 620 Core 7 | 5 . . . 2 . . . . . . . . . Treads 4868 | 63 111 449 56 226 192 665 920 592 705 163 38 68 620 Legs . | . . . . . . . . . . . . . . Wheels . | . . . . . . . . . . . . . . Hover . | . . . . . . . . . . . . . . Flight . | . . . . . . . . . . . . . . Fastest Speed 50 | 50 160 160 160 160 160 160 160 240 240 240 240 240 240 Average Speed 212 | 151 160 160 160 187 160 170 232 240 240 240 240 240 240 Slowest Speed 500 | 160 160 160 160 500 160 320 240 240 240 240 240 240 240 Overloaded Moves . | . . . . . . . . . . . . . . Propulsion Burnouts . | . . . . . . . . . . . . . . Robots Hopped . | . . . . . . . . . . . . . . Potential Cave-ins . | . . . . . . . . . . . . . . Cave-ins Triggered . | . . . . . . . . . . . . . . Exploration Rate (%) 39 | 3 25 27 5 34 6 70 22 66 85 57 73 11 72 Regions Visited 13 Branch Regions 5 Pre-discovered Areas 1 | . . 1 . . . . . . . . . . . Known Exits Taken 5 | . . . 1 . 1 . 1 . 1 . . 1 . Unknown Exits Taken 5 | 1 1 1 . . . . . . . 1 1 . . Scrap Searched 3 | . . 3 . . . . . . . . . . . Spaces Dug 3 | . . . . . 1 . 1 . . . . 1 . Terrain Destroyed 235 | . . . . 2 3 9 117 16 7 . . 9 72 Melee . | . . . . . . . . . . . . . . Projectile 69 | . . . . 2 3 9 18 16 7 . . 9 5 AOE 166 | . . . . . . . 99 . . . . . 67 Terrain Rammed . | . . . . . . . . . . . . . . Walls Destroyed . | . . . . . . . . . . . . . . Machines Disabled . | . . . . . . . . . . . . . . Actions | -11 -10 -10 -8 -8 -7 -7 -6 -6 -6 -6 -6 -6 -6 --------- Run | Yrd Mat Sub Mat Gar Fac Gar Fac Gar Ext Cet Arc Hub Gar Total 6433 | 98 125 528 64 338 222 795 1104 689 922 424 48 81 995 Wait 663 | . 3 9 . 23 1 45 60 7 28 242 11 . 234 Move 4866 | 67 110 448 56 227 192 664 920 591 704 162 37 68 620 Hop . | . . . . . . . . . . . . . . Pick Up 98 | 6 4 3 1 13 6 11 20 11 7 5 . 1 10 Fast Attach 43 | 7 . 1 2 8 3 7 5 5 1 1 . . 3 Attach 38 | . . 2 3 9 2 3 6 4 2 1 . 1 5 Detach 4 | . . . 1 . . . 2 1 . . . . . Swap 88 | 1 1 13 . 4 2 2 22 9 11 3 . 1 19 Drop 107 | . . 2 . 12 6 17 19 15 11 8 . . 17 Fire 373 | 15 5 49 1 40 9 35 41 46 42 2 . 10 78 Melee . | . . . . . . . . . . . . . . Ram . | . . . . . . . . . . . . . . Kick . | . . . . . . . . . . . . . . Crush 19 | 2 2 1 . 2 1 . 9 . 1 . . . 1 Escape Stasis 21 | . . . . . . . . . 13 . . . 8 Rewire 113 | . . . . . . 11 . . 102 . . . . Trap . | . . . . . . . . . . . . . . Miscellaneous . | . . . . . . . . . . . . . . Route ------- -11/Scrapyard -10/Materials (discovered 2 exits: [*Mat] / *Sub) -10/Subcaves -8/Materials -8/Garrison -7/Factory -7/Garrison (discovered 2 exits: *Fac x2) -6/Factory (discovered 2 exits: [*Low] / Gar) -6/Garrison (discovered 3 exits: *Ext x3) -6/Extension (discovered 3 exits: *Fac x2 / *Cet) -6/Cetus (discovered 2 exits: *Fac / [*Arc]) -6/Archives -6/Hub_04(d) -6/Garrison (discovered 2 exits: *Fac x2) History --------- Turn | Location | Event 3 | -11/Scrapyard | Discovered new exit (range 16) 169 | -11/Scrapyard | Entered Materials 292 | -10/Materials | Discovered new exit (range 5) 303 | -10/Materials | Build established: Mutant 359 | -10/Materials | Discovered new exit (range 8) 372 | -10/Materials | Entered Subcaves 403 | -10/Subcaves | Disturbed a concealed Subdweller 570 | -10/Subcaves | Learned location of Mines (-10) 624 | -10/Subcaves | Visited 4L-MR0's lab 644 | -10/Subcaves | Found Powered Cannon 887 | -10/Subcaves | Discovered new exit (range 11) 896 | -10/Subcaves | Core integrity fell below 50% 1050 | -10/Subcaves | A swath of the cavern ceiling suddenly collapsed 1279 | -10/Subcaves | Entered Materials 1279 | -8/Materials | Evolved 4 slots: Propulsion x2, Utility x2 1379 | -8/Materials | Identified exit to Garrison 1379 | -8/Materials | Entered Garrison 1382 | -8/Garrison | Attached Powered Cannon, gained temporary slot: Power 1429 | -8/Garrison | Installed Relay Interface Framework 1533 | -8/Garrison | Triggered checkpoint 1534 | -8/Garrison | Triggered checkpoint 1626 | -8/Garrison | Lost 3 parts (1n1u1w) 1818 | -8/Garrison | Discovered new exit (range 9) 1839 | -8/Garrison | Triggered checkpoint 1897 | -8/Garrison | Build established: Scavenger-Mutant 1902 | -8/Garrison | Garrison Relay disabled 1980 | -8/Garrison | Entered Factory 1980 | -7/Factory | Evolved 2 slots: Utility x1, Weapon x1 2326 | -7/Factory | Identified exit to Garrison 2326 | -7/Factory | Entered Garrison 2331 | -7/Garrison | Met a derelict Sapper fleeing the area 2335 | -7/Garrison | Phase Generator disabled 2380 | -7/Garrison | Triggered checkpoint 2454 | -7/Garrison | Build established: Scavenger-Skirmisher 2476 | -7/Garrison | Triggered checkpoint 2674 | -7/Garrison | Triggered checkpoint 2698 | -7/Garrison | Triggered checkpoint 2827 | -7/Garrison | Expanded RIF knowledge: Alert ID Control 2868 | -7/Garrison | Build established: Scavenger-Gunner 2889 | -7/Garrison | Learned Factory security intel 2935 | -7/Garrison | Discovered new exit (range 7) 3293 | -7/Garrison | Build established: Scavenger-Skirmisher 3433 | -7/Garrison | Garrison Relay disabled 3530 | -7/Garrison | Discovered new exit (range 10) 3543 | -7/Garrison | Identified exit to Factory 3665 | -7/Garrison | Entered Factory 3665 | -6/Factory | Accompanied by 1 ally 3665 | -6/Factory | Evolved 2 slots: Power x1, Utility x1 3757 | -6/Factory | Repaired Imp. Sensor Array 4476 | -6/Factory | Discovered new exit (range 15) 4551 | -6/Factory | Build established: Scavenger-Gunner 4875 | -6/Factory | Build established: Scavenger-Skirmisher 6096 | -6/Factory | Identified exit to Garrison 6096 | -6/Factory | Entered Garrison 6096 | -6/Garrison | Accompanied by 1 ally 6264 | -6/Garrison | Triggered checkpoint 6404 | -6/Garrison | Triggered checkpoint 6550 | -6/Garrison | Triggered checkpoint 6668 | -6/Garrison | Garrison Relay disabled 6865 | -6/Garrison | Build established: Scavenger-Gunner 6880 | -6/Garrison | Triggered checkpoint 6939 | -6/Garrison | Garrison Relay disabled 6986 | -6/Garrison | Discovered new exit (range 27) 6986 | -6/Garrison | Discovered new exit (range 63) 6986 | -6/Garrison | Discovered new exit (range 26) 7226 | -6/Garrison | Expanded RIF knowledge: Threat Obfuscation 7719 | -6/Garrison | Entered Extension 7797 | -6/Extension | Rescued a captive Derelict 7797 | -6/Extension | Rescued a captive Derelict 7821 | -6/Extension | Repaired Lgt. Treads 7933 | -6/Extension | Rescued a captive Derelict 7934 | -6/Extension | Rescued a captive Derelict 8197 | -6/Extension | Lost 4 allies 8256 | -6/Extension | Rescued A7 8818 | -6/Extension | Spotted B-75 Beast 8824 | -6/Extension | Destroyed B-75 Beast 8849 | -6/Extension | Spotted B-75 Beast 8871 | -6/Extension | Destroyed B-75 Beast 9194 | -6/Extension | Rescued a captive Derelict 9298 | -6/Extension | Identified exit to Cetus 9298 | -6/Extension | Identified exit to Factory 9339 | -6/Extension | Loaded intel: 11 trap records 9390 | -6/Extension | Learned location of 2 exits from Factory 9401 | -6/Extension | Learned 2 Upper Caves zone layouts 9404 | -6/Extension | Learned 2 Proximity Caves zone layouts 9439 | -6/Extension | Learned Extension trap positions 9576 | -6/Extension | Rescued a captive Derelict 9577 | -6/Extension | Rescued a captive Derelict 9604 | -6/Extension | Rescued a captive Derelict 9719 | -6/Extension | Entered Cetus 9719 | -6/Cetus | Accompanied by 13 allies (A7) 9724 | -6/Cetus | Acquired a Cetus Manufacturing Module code from A7 9753 | -6/Cetus | Spotted Cetus Guard 9753 | -6/Cetus | Spotted Cetus Guard 9758 | -6/Cetus | Spotted Cetus Guard 9759 | -6/Cetus | Spotted Cetus Guard 9771 | -6/Cetus | Allies destroyed Cetus Guard 9775 | -6/Cetus | Allies destroyed Cetus Guard 9778 | -6/Cetus | Allies destroyed Cetus Guard 9780 | -6/Cetus | Allies destroyed Cetus Guard 9788 | -6/Cetus | Build established: Commander-Gunner 9919 | -6/Cetus | Started Cetus Manufacturing Module 9944 | -6/Cetus | Manufactured an Enhanced Grunt 9969 | -6/Cetus | Manufactured an Enhanced Grunt 9994 | -6/Cetus | Manufactured an Enhanced Grunt 10019 | -6/Cetus | Manufactured an Enhanced Grunt 10044 | -6/Cetus | Manufactured an Enhanced Grunt 10082 | -6/Cetus | Discovered new exit (range 15) 10140 | -6/Cetus | Spotted Cetus Guard 10140 | -6/Cetus | Spotted Cetus Guard 10142 | -6/Cetus | Destroyed Cetus Guard 10143 | -6/Cetus | Spotted Cetus Guard 10159 | -6/Cetus | Spotted Cetus Guard 10166 | -6/Cetus | Allies destroyed Cetus Guard 10169 | -6/Cetus | Allies destroyed Cetus Guard 10170 | -6/Cetus | Allies destroyed Cetus Guard 10190 | -6/Cetus | Discovered exit to Factory (range 15) 10197 | -6/Cetus | Lost 3 allies 10202 | -6/Cetus | Met Revision 17 10370 | -6/Cetus | Entered Archives 10370 | -6/Archives | Accompanied by 14 allies (A7) 10399 | -6/Archives | Met Zhirov 10405 | -6/Archives | Reinforcements dispatched to Archives 10423 | -6/Archives | Discovered new exit (range 15) 10450 | -6/Archives | Reinforcements dispatched to Archives 10470 | -6/Archives | Zhirov detonated Archives 10470 | -6/Archives | Entered Hub_04(d) 10501 | -6/Hub_04(d) | Lost 12 allies 10669 | -6/Hub_04(d) | Identified exit to Garrison 10669 | -6/Hub_04(d) | Entered Garrison 10733 | -6/Garrison | Build established: Scavenger-Gunner 11007 | -6/Garrison | Found Relay Coupler [Proto] 11011 | -6/Garrison | Found Relay Coupler [Proto] 11026 | -6/Garrison | Found Relay Coupler [Proto] 11085 | -6/Garrison | Spotted B-75 Beast 11094 | -6/Garrison | Assimilated Beast 5a with formatsys_high 11155 | -6/Garrison | Triggered checkpoint 11340 | -6/Garrison | Expanded RIF knowledge: Watcher Feeds 11463 | -6/Garrison | Triggered checkpoint 11498 | -6/Garrison | Garrison Relay disabled 11617 | -6/Garrison | Triggered checkpoint 11723 | -6/Garrison | Triggered checkpoint 11900 | -6/Garrison | Discovered exit to Factory (range 10) 11957 | -6/Garrison | Triggered checkpoint 12025 | -6/Garrison | Garrison Relay disabled 12110 | -6/Garrison | Phase Generator disabled 12284 | -6/Garrison | Build established: Bothacker-Gunner 12519 | -6/Garrison | Garrison Relay disabled 12547 | -6/Garrison | Triggered checkpoint 12586 | -6/Garrison | Discovered exit to Factory (range 10) 12654 | -6/Garrison | Triggered checkpoint 12670 | -6/Garrison | System corruption reached 10% 12671 | -6/Garrison | Self-destructed Last Messages --------------- 12656_ Destroyed Lgt. Nuclear Core. 12656_ C-17 Slicer destroyed. 12657_ C-45 Heavy ARC bursts open, deploying its payload. 12657_ B-48 Gladiator unfolds itself. 12657_ G-50 Soldier unfolds itself. 12658_ System corrupted: Lyr. Medium Armor Plating rejected. 12659_ Lgt. Treads severed. 12660_ Slug penetrates Wall. 12660_ Penetrated by Slug. 12660_ Slug penetrates C-17 Slicer. 12660_ C-17 Slicer destroyed. 12660_ Destroyed Hvy. Laser. 12660_ G-50 Soldier knocked back. 12663_ Slug penetrates Reinforced Barrier. 12664_ Slug penetrates Wall. 12664_ C-17 Slicer destroyed. 12668_ Slug penetrates B-48 Gladiator. 12669_ Lgt. Fission Core destroyed. 12669_ System corrupted by crushing effect (+4). 12669_ Critical hit (Burn: +28). Map ----- +----------------------------------------------------+ | | | | | ????????????????????????????????????? | | ????????????????????????????????????? | | ????????????????????????????????????? | | ????????????????????????????????????? | | ????????????????????????????????????? | | ???????????#????????????????????????? | | ??????#?????????????????????????????? | | ????????????????????????????????????? | | ???????????/#???????????????????????? | | ???????????h ???????????????????????? | | ??#????????h ???????????????????????? | | ??????????# ???????????????????????? | | ??????????# ???????????????????????? | | ??????????#s ???????????????????????? | | ??????????# ???????????????????????? | | ??????????# #??????????????????????? | | ??????????#% #??????????????????????? | | ?????????##%=%???????###????????????? | | ?????????? =% ?#????? #????????????? | | ??????????# / ???????# #????????????? | | ??????????#g%#???????# #????????????? | | ??????????#*!#???????# #????????????? | | ??????????#=b######### ############## | | ??????????#=@/! !=%[= | | ??????#" %g % = * | | ??????#"T"# ######## <[######### ## | | ??????###?# #??????# #???????# ## | | ??????????# #??????#####???????# ## | | ??????????# #??????????????????# ## | | ??????????# #??????????????????# * | | ??????????# #??????????????????# ## | | ??????????# #??????????????????# #? | | ??????????# #????#?????????????# #? | | ??????????# ???????????????????# #? | | ??????????# ???????????????????# #? | | ??????????# ???????????????????# #? | | ??????????? ?????#?????????????# #? | | ??????????? ???????????????????# #? | | ??????????? ???????????????????# #? | | ????????????????????????????????# #? | | ????????????????????????????????# #? | | ????????????????????????????????# #? | | ????????????????????????????????# #? | | ??????????????????????########### ## | | ??????????????????? | | ??????????????????? | | ???????????????????????############## | | ????????????????????????????????????? | +----------------------------------------------------+ Best States ------------- Heat Dissipation 56 Energy Generation 38 Energy Capacity 430 Matter Stores 300 Matter Capacity 300 Sight Range 16 Robot Scan Range 16 Terrain Scan Density 10 Armor Coverage 600 Resistance: KI 30 Resistance: TH 15 Resistance: EM 15 Evasion (%) 40 Targeting Accuracy 6 Core Analysis 6 Recoil Reduction 4 Kinecelleration 30 Salvage Targeting 4 Relay Coupler Types 1 Relay Coupler Value 33 Item Schematics ----------------- None Robot Schematics ------------------ None Fabricated ------------ Nothing Repaired ---------- Imp. Sensor Array | 18% | -6/Factory Lgt. Treads | 10% | -6/Extension Studied --------- None Alien Tech Used ----------------- None Achievements -------------- None Challenges ------------ None Game ------ Seed PhasingReflectiveMatterbank Manual? 0 Play Time 00:59:45 Cumulative 980.0 hours Start 2026.07.15 @ 18:26:57 End 2026.07.15 @ 19:25:09 Sessions 1 Manual Loads 0 Difficulty Rogue Special Mode None Game No. 1667 Rogue 1667 Adventurer 0 Explorer 0 Win Type - Total 95 Types 56/1/16/16/4/0/0/1/0/1 Lore% 93 Gallery% 80 Achievement% 69 Wizard Run 0 Options --------- Layout 0 ASCII 1 Keyboard 0 Movement Numpad Keybinds 1 Fullscreen 2 Font 18/SmallcapsGlow Map View 76x50 Zoom Use 0% Tactical HUD 1 Map Filters NONE Filters NONE Steam 1 RUN: ea0e91d9-9e97-4ca9-9036-e8408cbe57aa